AoeStats
← samil.nergiz07

Arena

507308767Analyzed
1v1 RM · 15d ago on Sep 17, 2026· 48m 7s· 2 players
Game mode
Random Map
Map size
Tiny (2 player)
Population
200
Speed
Normal
Resources
Standard
Victory
Conquest
Starting age
Dark Age
Ending age
Imperial Age
RankedLock teamsTeams togetherTeam positionsShared explorationLock speedFull tech treeHidden civsTurbo modeCheats
Victory
Defeat
🇺🇸 Turks · United States
421
+13
🇹🇷 Khmer · Türkiye
346
-13
samil.nergiz07
13:45 Feudal Age
14:41 Double-Bit Axe
16:02 Horse Collar
20:11 Castle Age
18:43 Man-at-Arms
19:09 Arson
20:18 Bloodlines
21:08 Gold Mining
24:45 Wheelbarrow
24:14 Husbandry
25:23 Stone Mining
25:52 Heavy Plow
26:57 Bow Saw
33:16 Tusk Swords
36:08 Imperial Age
34:27 Ballistics
33:58 Light Cavalry
34:02 Crossbowman
35:54 Hand Cart
37:17 Gold Shaft Mining
37:24 Stone Shaft Mining
38:46 Crop Rotation
38:09 Town Watch
39:40 Chemistry
38:38 Cavalier
About95babys
13:40 Feudal Age
19:05 Castle Age
17:11 Double-Bit Axe
17:24 Horse Collar
17:48 Gold Mining
18:22 Padded Archer Armor
19:26 Wheelbarrow
28:27 Imperial Age
27:55 Leather Archer Armor
30:02 Ring Archer Armor
30:00 Ballistics
30:07 Conscription
30:51 Elite Janissary
Connection lost

Rejoining the realm…

Still unreachable

The connection could not be restored.

Session expired

The server has moved on; the page needs a fresh start.